 Dungeon Crawl Stone Soup version 0.27-a0-887-gcab673c142 (webtiles) character file.

Game seed: 8797873008548036940

9867 frogmouthbird the Severer (level 11, -8/82 HPs)
             Began as a Hill Orc Fighter on Apr 3, 2021.
             Was an Elder of Yredelemnul.
             Shot with an arrow by a centaur warrior (14 damage)
             ... on level 13 of the Dungeon.
             The game lasted 00:17:28 (12036 turns).

frogmouthbird the Severer (Hill Orc Fighter)       Turns: 12036, Time: 00:17:30

Health: -8/82      AC: 21    Str: 22    XL:     11   Next: 53%
Magic:  17/17      EV:  6    Int:  9    God:    Yredelemnul [****..]
Gold:   96         SH: 12    Dex: 10    Spells: 10/10 levels left

rFire    . . .     SeeInvis +   a - +1 war axe (vorpal)
rCold    . . .     Faith    +   c - +0 kite shield
rNeg     . . .     Spirit   .   p - +0 plate armour
rPois    .         Reflect  .   (no helmet)
rElec    .         Harm     .   x - +0 cloak {Will+}
rCorr    .         Rampage  +   G - +2 pair of gloves
Will     +....                  k - +2 pair of boots {rampage}
Stlth    ..........             q - amulet of faith
HPRegen  0.23/turn              g - +4 ring of slaying
MPRegen  0.15/turn              z - ring of see invisible

@: marked
A: no striking features
a: Renounce Religion, Recall Undead Slaves, Injury Mirror, Animate Dead, Drain
Life


You were on level 13 of the Dungeon.
You worshipped Yredelemnul.
Yredelemnul was greatly pleased with you.
You visited 2 branches of the dungeon, and saw 12 of its levels.
You visited 1 bazaar.

You collected 661 gold pieces.
You spent 565 gold pieces at shops.

Inventory:

Hand Weapons
 a - a +1 vorpal war axe (weapon)
Armour
 c - a +0 kite shield (worn)
 k - a +2 pair of boots of rampaging (worn)
 p - a +0 plate armour (worn)
 r - +0 steam dragon scales
 x - a +0 cloak of willpower (worn)
 G - a +2 pair of gloves (worn)
Jewellery
 g - a +4 ring of slaying (left hand)
 j - the ring "Ehi Buss" {Contam Fly rC- Str+6 Dex+7}
   (You took it off a tengu conjurer on level 10 of the Dungeon)

   [ring of strength]

   It affects your strength (+6).
   It affects your dexterity (+7).
   It makes you vulnerable to cold.
   It grants you flight.
   It causes magical contamination when unequipped.
 q - an amulet of faith (around neck)
 z - a ring of see invisible (right hand)
 E - an amulet of guardian spirit
 H - a ring of resist corrosion
Wands
 l - a wand of flame (9)
 u - a wand of acid (5)
 B - a wand of mindburst (11)
 C - a wand of charming (8)
 L - a wand of digging (5)
Scrolls
 t - 4 scrolls of amnesia
 v - a scroll of enchant armour
 w - a scroll of teleportation
 y - a scroll of vulnerability {unknown}
 D - 2 scrolls of brand weapon
 F - a scroll of holy word {unknown}
 I - 2 scrolls of fog
 J - 2 scrolls of enchant weapon
 K - a scroll of summoning {unknown}
 M - a scroll of fear {unknown}
Potions
 b - 2 potions of magic
 e - a potion of haste {unknown}
 f - 2 potions of curing
 h - a potion of heal wounds {unknown}
 i - 4 potions of lignification
 m - a potion of berserk rage
 n - a potion of cancellation {unknown}
 o - a potion of ambrosia
 s - a potion of flight {unknown}


   Skills:
 - Level 3.6 Fighting
 + Level 15.2 Axes
 - Level 7.6 Armour
 + Level 10.7 Shields
 - Level 8.3 Invocations


You had 10 spell levels left.
You didn't know any spells.
Your spell library contained the following spells:

 Spells                   Type           Power      Damage    Failure   Level
 Beastly Appendage        Tmut           0%         N/A       100%        1
 Sandblast                Erth           0%         2d4       100%        1
 Passwall                 Tmut/Erth      0%         N/A       100%        2
 Wereblood                Tmut           0%         N/A       100%        2
 Spider Form              Tmut/Pois      0%         N/A       100%        3
 Stone Arrow              Conj/Erth      0%         3d7       100%        3
 Ice Form                 Ice/Tmut       0%         N/A       100%        4
 Petrify                  Tmut/Erth      0%         N/A       100%        4
 Hydra Form               Tmut           0%         N/A       100%        5
 Lee's Rapid Deconstruct  Erth           0%         3d5*      100%        5


Dungeon Overview and Level Annotations

Branches:
Dungeon (13/15)            Temple (1/1) D:4            Lair (0/6) D:9
    Orc (0/2) D:10
 Vaults: D:13-14

Altars:
Ashenzari
Cheibriados
Dithmenos
Fedhas
Gozag
Hepliaklqana
Kikubaaqudgha
Makhleb
Nemelex Xobeh
Okawaru
Ru
Sif Muna
Trog
Uskayaw
Vehumet
Wu Jian
Xom
Yredelemnul
Zin
The Shining One

Shops:
D:9 [:


Message History

The spriggan is severely wounded.
The centaur warrior shoots an arrow.
You block the arrow. The spriggan hits you.
You slash the spriggan!
You kill the spriggan!
Yredelemnul accepts your kill.
The centaur warrior shoots an arrow.
The arrow closely misses you.
A centaur warrior comes into view.
The centaur warrior wields a +0 longbow.
The centaur warrior shoots an arrow.
The arrow hits you!!
The centaur warrior shoots an arrow.
The arrow hits you.
You are too injured to fight recklessly!
The centaur warrior shoots an arrow.
You block the arrow.
You rampage towards the centaur warrior!
The centaur warrior shoots an arrow.
The arrow hits you but does no damage.
The centaur warrior shoots an arrow.
The arrow hits you!
You rampage towards the centaur warrior!
You closely miss the centaur warrior.
The centaur warrior unwields a +0 shortbow.
The centaur warrior hits you.
* * * LOW HITPOINT WARNING * * *
You block the centaur warrior's attack.
You slash the centaur warrior!
The centaur warrior is moderately wounded.
The centaur warrior shoots an arrow.
The arrow barely misses you. You block the centaur warrior's attack.
The centaur warrior kicks you but does no damage.
You hit the centaur warrior.
The centaur warrior is moderately wounded.
The centaur warrior shoots an arrow.
The arrow hits you!!
* * * LOW HITPOINT WARNING * * *
You block the centaur warrior's attack.
The centaur warrior kicks you but does no damage.
You slash the centaur warrior!
The centaur warrior is severely wounded.
The centaur warrior shoots an arrow.
The arrow hits you but does no damage. You block the centaur warrior's attack.
The centaur warrior barely misses you.
The centaur warrior shoots an arrow.
The arrow hits you!
You die...
Your body rises from the dead as a mindless zombie.

#.# *,* ##...## #.# *,#
##.## #.######(####...##
#.............#..# **
####..##.####....# *,
#..#*,#####.#.###### *,
###..#*,.............# *,
#..?.########.#.####.###.
#.#.....@c.#.............
#...c####................
##...#**,#.#.##.##=#.#.#.
#.#.#*,*##..##.##.#.#.#,
#.#c#,** ##.##.##...#.#.
#.#..** *#............
#.#..,** **....###..#.##
#.####,***,.###.##..#.#
*,* **,*,*.##.#.#..#.#


You could see 2 centaur warriors.

Vanquished Creatures
  An ogre mage (D:10)
  A boulder beetle (D:13)
  A cyclops (D:13)
  A wolf spider (D:10)
  Maurice (D:10)
  2 orange demons (D:10)
  A kobold demonologist (D:6)
  2 hornets
  Sigmund (D:3)
  A spriggan (shapeshifter) (D:13)
  A wyvern (D:8)
  3 wraiths
  A steam dragon (D:8)
  2 wargs (D:9)
  An acid dragon (D:8)
  7 orc warriors
  A sky beast (D:6)
  3 black bears
  2 centaurs
  A boggart (D:10)
  An ogre (D:7)
  2 kobold brigands
  2 scorpions
  A wyvern zombie (D:8)
  2 howler monkeys (D:6)
  5 wights (D:9)
  A bullfrog zombie (D:6)
  2 centaur zombies (D:9)
  A centaur skeleton (D:6)
  A jelly (D:5)
  6 orc priests
  2 bullfrog skeletons
  3 hounds
  3 gnoll shamans
  Terence (D:3)
  Natasha (thrice) (D:3)
  2 iguanas
  18 orc wizards
  2 killer bee zombies (D:7)
  3 howler monkey zombies (D:7)
  2 howler monkey skeletons
  10 gnolls
  2 adders (D:2)
  4 white imps
  An ufetubus (D:5)
  An adder skeleton (D:4)
  4 worms
  37 orcs
  7 ball pythons
  6 bats
  7 endoplasms
  A giant cockroach (D:2)
  6 goblins
  5 hobgoblins
  4 jackals (D:4)
  4 quokkas
  A frilled lizard (D:1)
  9 kobolds
  5 rats
211 creatures vanquished.

Vanquished Creatures (collateral kills)
  A two-headed ogre (D:10)
  Joseph (D:10)
  An orange demon (D:10)
  A tengu conjurer (D:10)
  2 red devils (D:10)
  A wraith (D:10)
  An orc warrior (D:10)
  An orc wizard (D:10)
9 creatures vanquished.

Vanquished Creatures (others)
  3 flying skulls (D:10)
  A mummy (D:10)
4 creatures vanquished.

Grand Total: 224 creatures vanquished

Notes
Turn   | Place    | Note
-------+----------+-------------------------------------------
     0 | D:1      | frogmouthbird the Hill Orc Fighter began the quest for the
                  | Orb.
     0 | D:1      | Reached XP level 1. HP: 19/19 MP: 1/1
   111 | D:1      | Reached skill level 3 in Axes
   405 | D:1      | Reached XP level 2. HP: 23/26 MP: 2/2
   741 | D:1      | Reached skill level 4 in Axes
   877 | D:1      | Found a faded altar of an unknown god.
  1206 | D:2      | Reached XP level 3. HP: 25/31 MP: 3/3
  1270 | D:2      | Noticed a centaur
  1487 | D:2      | Killed a centaur
  1488 | D:2      | Reached skill level 6 in Axes
  1488 | D:2      | Reached XP level 4. HP: 18/39 MP: 4/4
  1856 | D:2      | Reached XP level 5. HP: 35/45 MP: 5/5
  2208 | D:2      | Reached skill level 7 in Axes
  2701 | D:3      | Noticed Natasha
  2723 | D:3      | Killed Natasha
  2848 | D:3      | Noticed Natasha
  2977 | D:3      | Noticed Sigmund
  2987 | D:3      | Killed Sigmund
  2988 | D:3      | Reached skill level 8 in Axes
  2988 | D:3      | Reached XP level 6. HP: 51/51 MP: 6/6
  3036 | D:3      | Found a sparkling altar of Nemelex Xobeh.
  3116 | D:3      | Killed Natasha
  3117 | D:3      | Reached skill level 9 in Axes
  3237 | D:3      | Noticed Natasha
  3246 | D:3      | Noticed Terence
  3251 | D:3      | Killed Natasha
  3263 | D:3      | Killed Terence
  3264 | D:3      | Reached XP level 7. HP: 41/57 MP: 7/7
  3992 | D:4      | Found an ornate altar of the Wu Jian Council.
  4099 | D:4      | Reached skill level 10 in Axes
  4107 | D:4      | Found a staircase to the Ecumenical Temple.
  4116 | Temple   | Entered the Ecumenical Temple
  4436 | Temple   | Became a worshipper of Yredelemnul the Dark
  4553 | D:4      | Noticed a wyvern
  4553 | D:4      | Noticed a wyvern
  4645 | D:4      | Reached skill level 1 in Invocations
  5000 | D:5      | Entered Level 5 of the Dungeon
  5573 | D:5      | Reached XP level 8. HP: 56/64 MP: 9/11
  5615 | D:5      | Found a shadowy altar of Dithmenos.
  5836 | D:5      | Found an iron altar of Okawaru.
  5961 | D:6      | Reached skill level 5 in Armour
  6004 | D:6      | Reached skill level 5 in Invocations
  6026 | D:6      | Reached * piety under Yredelemnul
  6384 | D:6      | Noticed a kobold demonologist
  6386 | D:6      | Noticed a rust devil
  6391 | D:6      | Noticed a hellwing
  6400 | D:6      | Killed a kobold demonologist
  6401 | D:6      | Reached XP level 9. HP: 25/70 MP: 12/14
  6758 | D:6      | You fall into a shaft and drop 1 floor!
  6776 | D:7      | Reached ** piety under Yredelemnul
  7893 | D:8      | Noticed a hornet
  7901 | D:8      | Paralysed by a hornet for 1 turns
  7909 | D:8      | Killed a hornet
  7910 | D:8      | Reached skill level 11 in Axes
  8319 | D:8      | Reached skill level 5 in Shields
  8599 | D:8      | Reached skill level 12 in Axes
  8599 | D:8      | Reached XP level 10. HP: 58/77 MP: 16/16
  8987 | D:9      | Reached *** piety under Yredelemnul
  9101 | D:9      | Found a staircase to the Lair.
  9301 | D:9      | Found a glowing silver altar of Zin.
  9494 | D:9      | Found Noeros Boa's Armour Shop.
  9843 | D:9      | Bought a +0 pair of boots of rampaging for 126 gold pieces
  9843 | D:9      | Bought a +0 cloak for 49 gold pieces
 10008 | D:9      | Received a gift from Yredelemnul (3 flying skulls)
 10051 | D:9      | Found Puylu's Book Shop.
 10215 | D:9      | Reached skill level 13 in Axes
 10473 | D:10     | Entered Level 10 of the Dungeon
 10473 | D:10     | Noticed Maurice
 10493 | D:10     | Killed Maurice
 10536 | D:10     | Found a staircase to the Orcish Mines.
 10547 | D:10     | Received a gift from Yredelemnul (a mummy)
 10693 | D:10     | Noticed an orange demon
 10699 | D:10     | Killed an orange demon
 10831 | D:10     | Noticed an orange demon
 10831 | D:10     | Noticed an orange demon
 10836 | D:10     | Killed an orange demon
 10837 | D:10     | Killed an orange demon
 11119 | D:10     | Noticed Joseph
 11125 | D:10     | Killed Joseph
 11126 | D:10     | Reached skill level 14 in Axes
 11126 | D:10     | Reached XP level 11. HP: 82/82 MP: 17/17
 11169 | D:10     | Noticed a two-headed ogre
 11169 | D:10     | Noticed an ogre mage
 11171 | D:10     | Noticed a death knight
 11178 | D:10     | Killed a two-headed ogre
 11187 | D:10     | Identified the ring "Ehi Buss" {Contam Fly rC- Str+6 Dex+7}
 11188 | D:10     | Noticed a wolf spider
 11190 | D:10     | Killed an ogre mage
 11191 | D:10     | Noticed a centaur warrior
 11195 | D:10     | Reached skill level 10 in Shields
 11204 | D:10     | Killed a wolf spider
 11204 | D:10     | Reached **** piety under Yredelemnul
 11480 | D:10     | You fall into a shaft and drop 3 floors!
 11516 | D:13     | Noticed a boulder beetle
 11517 | D:13     | Noticed a centaur warrior
 11532 | D:13     | Noticed a cyclops
 11541 | D:13     | Found a flickering gateway to a bazaar.
 11547 | Bazaar   | Entered a bazaar
 11667 | Bazaar   | Found Nunoul's General Store.
 11672 | Bazaar   | Bought a scroll of fog for 28 gold pieces
 11683 | Bazaar   | Found Meesch's Assorted Antiques.
 11683 | Bazaar   | Found Xeruif's Weapon Shoppe.
 11703 | Bazaar   | Found Baoxzygori's Weapon Emporium.
 11776 | Bazaar   | Bought a scroll labelled XOLESO UTOPS for 26 gold pieces
 11796 | Bazaar   | Bought a scroll of amnesia for 49 gold pieces
 11796 | Bazaar   | Bought a scroll of noise for 14 gold pieces
 11809 | Bazaar   | Bought a scroll of enchant armour for 195 gold pieces
 11809 | Bazaar   | Bought a scroll of teleportation for 78 gold pieces
 11860 | D:13     | Killed a cyclops
 11894 | D:13     | Killed a boulder beetle
 11895 | D:13     | Reached skill level 15 in Axes
 12029 | D:13     | Noticed a centaur warrior
 12036 | D:13     | Shot with an arrow by a centaur warrior

Illustrated notes

Levels and vault maps discovered:
D:1:      wander_arrival_estate, layout_basic, basic_ecumenical_altar
D:2:      layout_loops_ring, grunt_ministairs_6,
          minmay_fractal_squares_gapless_5
D:3:      layout_basic, nicolae_overflow_hidden_temple, grunt_decor_resistance,
          uniq_terence, uniq_sigmund, uniq_natasha
D:4:      layout_loops_corners, nicolae_wu_jian_wuxing_cycle,
          minmay_temple_entry_proselytizer, lightli_corner_chamber
D:5:      layout_loops_cross, general_overflow_altar,
          nicolae_overflow_crystal_walls
D:6:      layout_loops_ring, kennysheep_doodads,
          hangedman_abyss_or_decor_stagger
D:7:      layout_rooms
D:8:      layout_basic
D:9:      layout_basic, lemuel_crystal_altar, erik_lair_orcish_takeover,
          serial_shops, nicolae_shop_waterfront, shop
D:10:     minmay_the_grid_triangle_9x9_rhombus_thin_mashed
          [minmay_the_grid_triangle_9x9_flanged_cone,
          minmay_the_grid_triangle_9x9_prize_center,
          minmay_the_grid_triangle_9x9_thin_v,
          minmay_the_grid_triangle_9x9_warning], layout_gridville,
          lemuel_doored_altar, orc_0_dummy, minmay_beelzebubs_servants,
          uniq_maurice, uniq_joseph
D:13:     layout_loops_ring, serial_shops, bzr_in_the_mist
Temple:   regret_index_temple_generic_petals

Skill      XL: |  1  2  3  4  5  6  7  8  9 10 11 |
---------------+----------------------------------+-----
Axes           | 3 4 6 8 9 10 12 14 15 | 15.2
Invocations    | 4 7 8 |  8.3
Armour         | 4 6 7 |  7.6
Shields        | 6 9 10 | 10.7
Fighting       | |  3.6

Action                   |  1- 3 |  4- 6 |  7- 9 | 10-12 || total
-------------------------+-------+-------+-------+-------++-------
Melee: War axe           |    84 |   141 |   304 |   224 ||   753
Evoke: Wand              |       |       |     6 |    10 ||    16
  Use: Scroll            |     1 |     4 |     4 |     7 ||    16
       Potion            |       |     2 |     3 |     3 ||     8
Armor: Scale mail        |    20 |       |       |       ||    20
       Chain mail        |    34 |    88 |     5 |       ||   127
       Plate armour      |       |       |   202 |   107 ||   309
Dodge: Dodged            |    23 |    38 |    52 |    31 ||   144
Block: Kite shield       |    54 |    80 |   159 |   113 ||   406

Table legend: (Time is in decaauts)
 A = Elapsed time spent in this place.
 B = Non-inter-level travel time spent in this place.
 C = Inter-level travel time spent in this place.
 D = Time resting spent in this place.
 E = Time spent auto-exploring this place.
 F = Levels seen in this place.
 G = Mean time per level.
                   A        B        C        D        E       F      G
               +--------+--------+--------+--------+--------+-----+--------+
         Total |  12243 |  11661 |    582 |   1642 |   8214 |  13 |  941.8 |
       Dungeon |  11596 |  11068 |    528 |   1642 |   7741 |  11 | 1054.2 |
        Temple |    339 |    286 |     53 |      0 |    285 |   1 |  339.0 |
        Bazaar |    307 |    307 |      0 |      0 |    188 |   1 |  307.0 |
               +--------+--------+--------+--------+--------+-----+--------+

Top non-repeatable levels by time:
     D:9: 1904 daAuts
     D:2: 1364 daAuts
     D:4: 1319 daAuts
     D:3: 1209 daAuts
     D:6: 1164 daAuts
     D:1: 1100 daAuts
     D:8: 936 daAuts
     D:7: 795 daAuts
    D:10: 789 daAuts
     D:5: 769 daAuts
  Temple: 339 daAuts
  Bazaar: 307 daAuts
    D:13: 244 daAuts
